 Dungeon Crawl Stone Soup version 0.23.2 (webtiles) character file.

Game seed: 17399247939094743069

757 myga the Chiller (level 7, -7/51 HPs)
             Began as a Demigod Ice Elementalist on Apr 7, 2019.
             Mangled by an ogre
             ... wielding a cursed -3 giant club
              (28 damage)
             ... on level 5 of the Dungeon.
             The game lasted 00:26:17 (5388 turns).

myga the Chiller (Demigod Ice Elementalist)         Turns: 5388, Time: 00:26:18

Health: -7/51      AC:  3    Str: 15    XL:     7   Next: 25%
Magic:  4/17       EV: 13    Int: 19    God:
Gold:   226        SH:  0    Dex: 16    Spells: 5/15 levels left

rFire    . . .     SeeInvis .   b - +1 dagger
rCold    + . .     Gourm    .   (no shield)
rNeg     . . .     Faith    .   u - +0 robe
rPois    .         Spirit   .   (no helmet)
rElec    .         Reflect  .   (no cloak)
rCorr    .         Harm     .   (no gloves)
MR       +....                  l - +0 pair of boots
Stlth    ++........             (no amulet)
HPRegen  0.17/turn              d - ring of protection from magic
MPRegen  0.15/turn              s - ring of protection from cold

@: lethally poisoned (-7 -> -10)
A: high mp 1
a: no special abilities


You were on level 5 of the Dungeon.
You were hungry.

You visited 2 branches of the dungeon, and saw 6 of its levels.

You collected 226 gold pieces.

Inventory:

Hand Weapons
 b - a +1 dagger (weapon)
Missiles
 a - 2 tomahawks
 e - 106 stones (quivered)
 f - 31 poisoned needles
Armour
 l - a +0 pair of boots (worn)
 u - a +0 robe (worn)
Jewellery
 d - a ring of protection from magic (left hand)
 s - a ring of protection from cold (right hand)
Scrolls
 g - 2 scrolls of remove curse
 h - a scroll of noise {unknown}
 i - a scroll of amnesia
 j - a scroll of enchant weapon
Potions
 k - 2 potions of curing
 m - a potion of degeneration {unknown}
 p - a potion of haste
 q - a potion of resistance
Comestibles
 c - 11 rations


   Skills:
 + Level 0.8 Fighting
 + Level 1.4 Short Blades
 + Level 1.5 Throwing
 + Level 2.4 Dodging
 + Level 3.2 Stealth
 + Level 4.5 Spellcasting
 + Level 1.6 Conjurations
 + Level 0.2 Charms
 + Level 4.7 Ice Magic


You had 5 spell levels left.
You knew the following spells:

 Your Spells              Type           Power        Failure   Level  Hunger
a - Freeze                Ice            ###.         1%          1    None
b - Throw Frost           Conj/Ice       ###...       5%          2    #......
c - Ozocubu's Armour      Chrm/Ice       ##......     14%         3    ###....
d - Throw Icicle          Conj/Ice       ###.....     34%         4    ####...

Your spell library contained the following spells:

 Spells                   Type           Power        Failure   Level  Hunger
 Summon Ice Beast         Ice/Summ       ##......     43%         4    ####...


Dungeon Overview and Level Annotations

Branches:
Dungeon (5/15)             Temple (1/1) D:4


Innate Abilities, Weirdness & Mutations

You have an increased reservoir of magic. (+10% MP)


Message History

The ogre is severely wounded.
The ogre barely misses you.
Casting: Freeze (safe; 1% risk of failure)
Confirm with . or Enter, or press ? or * to list all spells.
Aiming: Freeze (safe; 1% risk of failure)
Press: ? - help, Shift-Dir - straight line, f/p - ogre
Aim: an ogre, wielding a -3 giant club (severely wounded)
You freeze the ogre.
The ogre is severely wounded.
You feel sick. The ogre misses you.
Casting: Freeze (safe; 1% risk of failure)
Confirm with . or Enter, or press ? or * to list all spells.
Aiming: Freeze (safe; 1% risk of failure)
Press: ? - help, Shift-Dir - straight line, f/p - ogre
Aim: an ogre, wielding a -3 giant club (severely wounded)
You freeze the ogre.
The ogre is severely wounded.
The ogre hits you with a cursed -3 giant club!!
Ouch! That really hurt!
You die...

##### ###########
#...###..)..((.(#
#.8.'#...#.....Z# #
#...#...##...(.O##.#
#)..#..##'...###@..#
'.8.+###.#...# #...#
#...# #..#...# ....#
#...#.(##'###......#
#.8.+##..# ......#
#...# .# .......#
##### #########


You could see an ogre and a bullfrog skeleton.

Vanquished Creatures
  2 ogres
  A phantom (D:5)
  2 centaurs (D:5)
  A crimson imp (D:5)
  2 hounds
  A bullfrog skeleton (D:5)
  An iguana (D:5)
  2 worker ants
  6 adders
  3 worms (D:2)
  A dart slug (D:2)
  3 leopard geckos
  6 orcs
  9 giant cockroaches
  9 hobgoblins
  6 jackals (D:2)
  7 kobolds
  2 quokkas
  3 ball pythons
  5 bats
  9 goblins
  A jackal skeleton (D:3)
  7 rats
89 creatures vanquished.

Notes
Turn   | Place    | Note
-------+----------+-------------------------------------------
     0 | D:1      | myga the Demigod Ice Elementalist began the quest for the
                  | Orb.
     0 | D:1      | Reached XP level 1. HP: 14/14 MP: 5/5
   565 | D:1      | Reached XP level 2. HP: 17/20 MP: 2/7
   584 | D:1      | Learned a level 2 spell: Throw Frost
  1005 | D:2      | Reached XP level 3. HP: 23/26 MP: 4/8
  1053 | D:2      | Noticed an ogre
  1480 | D:2      | Learned a level 3 spell: Ozocubu's Armour
  1517 | D:2      | Found a blossoming altar of Fedhas.
  2042 | D:2      | Killed an ogre
  2042 | D:2      | Reached skill level 1 in Conjurations
  2042 | D:2      | Reached XP level 4. HP: 30/34 MP: 0/11
  2427 | D:3      | Found an opulent altar of Gozag.
  2462 | D:3      | Reached skill level 1 in Throwing
  2498 | D:3      | Reached XP level 5. HP: 39/39 MP: 9/12
  3343 | D:4      | Found a staircase to the Ecumenical Temple.
  3512 | Temple   | Entered the Ecumenical Temple
  3776 | D:4      | Learned a level 4 spell: Throw Icicle
  4000 | D:4      | Noticed an ogre
  4011 | D:4      | Killed an ogre
  4011 | D:4      | Reached XP level 6. HP: 24/46 MP: 4/14
  4335 | D:5      | Entered Level 5 of the Dungeon
  4341 | D:5      | Found a glowing silver altar of Zin.
  5012 | D:5      | Reached skill level 1 in Short Blades
  5012 | D:5      | Reached XP level 7. HP: 51/51 MP: 5/16
  5388 | D:5      | Mangled by an ogre

Skill      XL: |  1  2  3  4  5  6 |
---------------+-------------------+-----
Spellcasting   | 2 3 4 |  4.5
Ice Magic      | 3 4 |  4.7
Stealth        | 2 3 |  3.2
Dodging        | 2 |  2.4
Conjurations   | 1 |  1.6
Throwing       | 1 |  1.5
Short Blades   | 1 |  1.4
Fighting       | |  0.8
Charms         | |  0.2

Action                   |  1- 3 |  4- 6 |  7- 9 || total
-------------------------+-------+-------+-------++-------
Melee: Dagger            |    35 |    43 |    48 ||   126
Throw: Stone             |    56 |    18 |    14 ||    88
       Tomahawk          |       |       |     1 ||     1
 Cast: Freeze            |    71 |    57 |    21 ||   149
       Throw Frost       |    21 |    21 |     2 ||    44
       Ozocubu's Armour  |       |     2 |     2 ||     4
  Use: Scroll            |       |     5 |       ||     5
       Potion            |       |     2 |     2 ||     4
 Stab: Sleeping          |     2 |     8 |       ||    10
       Distracted        |       |     1 |       ||     1
  Eat: Chunk             |     5 |    10 |     1 ||    16
Armor: Robe              |     7 |    10 |    10 ||    27
Dodge: Dodged            |    54 |    64 |    27 ||   145
